Map: Newkirk Precinct TE (Void)

Players

Yav - Winner!

  • Race: Protoss Protoss
  • League: Master
  • Spawn Location: 7:00

Railgan

  • Race: Zerg Zerg
  • League: Grandmaster
  • Spawn Location: 5:00

VOD

Have the link to the VOD?

Description

Time

  • Played on: March 23, 2017, 9:29 p.m.
  • Length: 19:12
Show
View Real Time Build Order
Export as new Build Order

Yav Protoss - Winner!

Build Orders: 1 Gate Expand 

Get SALT Encoding   

  12  0:00  Probe (Chrono Boost)  
  13  0:11  Probe (Chrono Boost)  
  14  0:18  Pylon  
  14  0:22  Probe (Chrono Boost)  
  15  0:36  Probe (Chrono Boost)  
  15  0:39  Gateway  
  16  0:44  Assimilator  
  16  0:47  Probe (Chrono Boost)  
  17  0:57  Probe (Chrono Boost)  
  18  1:08  Probe (Chrono Boost)  
  19  1:19  Probe (Chrono Boost)  
  20  1:26  Nexus  
  20  1:34  Cybernetics Core  
  20  1:37  Probe (Chrono Boost)  
  21  1:42  Assimilator  
  21  1:48  Probe (Chrono Boost)  
  21  1:54  Pylon  
  22  1:58  Probe (Chrono Boost)  
  23  2:08  Adept  
  23  2:11  Warp Gate  
  23  2:13  Probe (Chrono Boost)  
  26  2:25  Twilight Council  
  26  2:26  Probe (Chrono Boost)  
  27  2:32  Adept  
  30  2:38  Probe (Chrono Boost)  
  30  2:39  Probe (Chrono Boost)  
  31  2:50  Probe x2 (Chrono Boost)  
  33  3:00  Probe x2 (Chrono Boost)  
  33  3:01  Resonating Glaives  
  35  3:11  Probe x2 (Chrono Boost)  
  37  3:18  Gateway  
  37  3:19  Gateway  
  37  3:22  Stalker  
  37  3:24  Probe x2 (Chrono Boost)  
  41  3:31  Pylon  
  41  3:37  Probe x2 (Chrono Boost)  
  41  3:39  Pylon  
  43  3:46  Robotics Facility  
  43  3:50  Probe x2 (Chrono Boost), Assimilator  
  43  3:53  Assimilator  
  45  4:01  Mothership Core (Chrono Boost)  
  47  4:03  Probe (Chrono Boost)  
  48  4:10  Pylon  
  48  4:14  Probe (Chrono Boost)  
  49  4:19  Probe (Chrono Boost)  
  49  4:24  Adept x3, Probe (Chrono Boost)  
  52  4:30  Probe (Chrono Boost)  
  57  4:35  Probe (Chrono Boost)  
  57  4:40  Probe (Chrono Boost)  
  57  4:43  Warp Prism  
  58  4:46  Probe (Chrono Boost)  
  58  4:51  Adept, Probe (Chrono Boost)  
  58  4:52  Adept x2  
  67  4:58  Probe (Chrono Boost)  
  67  4:59  Pylon  
  68  5:03  Probe (Chrono Boost)  
  69  5:10  Probe (Chrono Boost)  
  70  5:23  Nexus  
  70  5:24  Observer  
  70  5:25  Sentry  
  70  5:26  Pylon, Sentry x2  
  77  5:29  Pylon  
  77  5:34  Pylon, Probe (Chrono Boost)  
  78  5:46  Probe (Chrono Boost)  
  69  5:52  Probe (Chrono Boost)  
  69  5:58  Probe (Chrono Boost)  
  69  5:59  Immortal  
  69  6:00  Adept x2  
  69  6:03  Gateway  
  69  6:04  Gateway  
  71  6:05  Gateway  
  71  6:10  Probe (Chrono Boost)  
  73  6:12  Probe (Chrono Boost)  
  73  6:20  Sentry x3  
  73  6:24  Blink  
  73  6:25  Gateway  
  79  6:26  Gateway  
  79  6:29  Forge  
  79  6:34  Probe (Chrono Boost)  
  79  6:35  Probe (Chrono Boost)  
  79  6:37  Probe (Chrono Boost), Immortal  
  86  6:51  Probe (Chrono Boost)  
  86  6:52  Probe x2 (Chrono Boost)  
  90  7:02  Probe (Chrono Boost)  
  90  7:04  Probe x2 (Chrono Boost)  
  92  7:11  Stalker x4  
  92  7:14  Stalker x2  
  102  7:26  Adept x2  
  96  7:36  Protoss Ground Weapons Level 1, Probe x3 (Chrono Boost)  
  92  7:37  Assimilator  
  92  7:39  Assimilator, Stalker x3  
  92  7:40  Stalker x2  
  99  7:46  Adept  
  95  7:55  Adept x2  
  99  8:01  Probe x3 (Chrono Boost)  
  100  8:07  Stalker  
  100  8:08  Stalker x3  
  108  8:25  Pylon  
  108  8:26  Pylon  
  108  8:27  Pylon  
  108  8:31  Probe (Chrono Boost)  
  109  8:41  Probe x2 (Chrono Boost)  
  105  8:43  Stalker x3  
  105  8:44  Stalker x4  
  97  8:57  Assimilator  
  97  8:59  Probe x3 (Chrono Boost)  
  100  9:03  Stalker  
  102  9:12  Stalker x4  
  102  9:13  Stalker x3  
  106  9:32  Adept  
  89  9:47  Pylon  
  89  9:48  Pylon  
  87  9:55  Stalker  
  87  9:56  Stalker x2  
  89  10:00  Pylon  
  89  10:06  Stalker x4  
  97  10:13  Probe (Chrono Boost)  
  97  10:14  Gateway, Probe x2 (Chrono Boost)  
  100  10:15  Nexus  
  100  10:19  Templar Archives  
  100  10:20  Stalker x2  
  104  10:50  Protoss Ground Weapons Level 2  
  104  10:52  Templar Archives  
  104  10:55  Stalker  
  104  10:56  Stalker x4  
  114  10:57  Stalker x2  
  118  11:10  Pylon  
  119  11:13  Pylon, Probe x3 (Chrono Boost)  
  119  11:27  High Templar x2  
  119  11:28  High Templar x3  
  119  11:29  High Templar, Stalker x2  
  135  11:32  Archon  
  135  11:33  Archon x2  
  135  11:38  Photon Cannon  
  135  11:41  Photon Cannon  
  135  11:43  Photon Cannon  
  135  11:44  Assimilator  
  135  11:46  Assimilator  
  135  11:47  Photon Cannon  
  134  12:11  Gateway  
  134  12:12  Stalker x3  
  134  12:13  Stalker x4  
  148  12:19  Probe x2 (Chrono Boost)  
  148  12:20  Probe (Chrono Boost)  
  151  12:40  High Templar x4, Stalker  
  151  12:41  Stalker x2  
  165  12:44  Archon x2  
  165  12:47  Immortal  
  167  13:04  Stalker x3  
  148  13:17  Stalker x4  
  152  13:23  Protoss Ground Weapons Level 3  
  152  13:26  Gateway  
  138  13:27  Gateway  
  138  13:30  Stalker x3  
  138  13:31  Gateway  
  144  13:34  Gateway  
  144  13:39  Stargate  
  144  13:40  Dark Shrine, Stargate  
  144  13:45  Stargate  
  144  14:02  Adept x5  
  125  14:22  Observer  
  118  14:28  Void Ray x2  
  118  14:29  Void Ray  
  120  14:42  Adept  
  120  14:43  Adept  
  118  14:55  Dark Templar x3  
  124  15:24  Void Ray  
  124  15:25  Void Ray  
  122  16:07  Pylon  
  122  16:14  Void Ray, Pylon  
  122  16:15  Pylon  
  122  16:21  Immortal  
  122  16:24  Void Ray x2  
  124  16:28  Pylon  
  124  16:29  Pylon  
  132  16:38  Protoss Air Weapons Level 1  
  114  17:10  Void Ray x2  
  114  17:11  Void Ray  
  104  18:00  Void Ray x2  
  80  18:14  Void Ray  
Show
View Real Time Build Order
Export as new Build Order

Railgan Zerg 

Build Orders: Hatch First, Swarm Host 

Get SALT Encoding   

  12  0:01  Drone  
  13  0:13  Overlord  
  13  0:18  Drone  
  14  0:31  Drone x2  
  14  0:35  Drone  
  17  0:47  Drone  
  18  0:57  Hatchery  
  17  1:00  Drone  
  17  1:01  Extractor  
  17  1:16  Spawning Pool  
  17  1:18  Drone  
  17  1:20  Drone  
  18  1:28  Drone  
  19  1:39  Overlord  
  19  1:52  Drone  
  20  2:03  Zergling x2, Queen  
  20  2:08  Queen  
  23  2:09  Zergling x2  
  23  2:11  Drone  
  23  2:13  Metabolic Boost  
  27  2:19  Drone  
  28  2:23  Drone  
  29  2:30  Drone  
  29  2:36  Drone  
  31  2:41  Evolution Chamber  
  31  2:42  Drone, Queen  
  33  2:47  Overlord  
  33  2:57  Drone  
  34  2:59  Drone  
  34  3:02  Drone  
  36  3:06  Zerg Melee Weapons Level 1  
  36  3:14  Drone x5  
  36  3:18  Zergling x4  
  36  3:19  Overlord  
  43  3:23  Overlord  
  43  3:32  Drone  
  44  3:36  Lair  
  44  3:39  Drone x2  
  46  3:43  Zergling x2  
  46  3:45  Drone  
  46  3:46  Drone  
  46  3:47  Extractor x2  
  46  3:48  Extractor  
  46  3:51  Drone  
  46  3:52  Drone  
  46  3:53  Drone x2  
  46  3:55  Drone  
  51  4:01  Baneling Nest  
  50  4:03  Zergling x4  
  50  4:07  Drone  
  53  4:14  Drone  
  54  4:23  Drone x2, Zergling x2  
  56  4:24  Drone  
  56  4:26  Zergling x2  
  56  4:29  Queen  
  56  4:30  Overlord  
  60  4:32  Overlord  
  58  4:39  Infestation Pit  
  58  4:44  Zergling x6  
  59  4:49  Queen  
  59  4:50  Drone  
  62  4:56  Overseer  
  62  4:59  Zergling x4  
  64  5:01  Zerg Melee Weapons Level 2  
  64  5:03  Drone x2  
  64  5:04  Baneling x3  
  64  5:05  Baneling  
  66  5:13  Overlord  
  66  5:14  Zergling x2  
  66  5:15  Zergling x4  
  66  5:16  Baneling x2  
  69  5:30  Hatchery  
  68  5:39  Zergling x2  
  68  5:40  Zergling x2  
  70  5:48  Drone  
  70  5:49  Drone x7  
  70  5:57  Overlord  
  70  6:16  Swarm Host x7  
  91  6:25  Roach Warren  
  91  6:30  Overlord, Centrifical Hooks  
  91  6:31  Overlord  
  90  6:46  Swarm Host  
  90  6:47  Swarm Host  
  90  6:48  Overlord  
  90  6:52  Swarm Host x3  
  105  6:54  Overlord x2  
  105  6:56  Baneling x4  
  105  7:03  Zergling x2  
  106  7:09  Zergling x2  
  106  7:11  Drone  
  106  7:13  Hydralisk Den  
  107  7:16  Zergling x8  
  98  7:35  Swarm Host  
  98  7:36  Swarm Host x6  
  115  7:37  Zergling x2  
  115  7:38  Zergling x4  
  115  7:42  Zergling x2  
  118  7:46  Zergling x2  
  119  7:52  Zergling x2  
  119  7:54  Zerg Missile Weapons Level 1  
  119  7:56  Zergling x4  
  121  8:03  Overlord x2  
  119  8:06  Baneling x3  
  119  8:07  Baneling x6  
  119  8:08  Overlord  
  118  8:13  Zergling x2  
  118  8:18  Zergling x4  
  118  8:19  Zergling x4  
  119  8:25  Baneling x5  
  119  8:26  Zergling x8  
  122  8:27  Zergling x2  
  122  8:28  Zergling x2  
  122  8:31  Zergling x4  
  125  8:37  Zergling x6  
  118  8:49  Zergling x4  
  112  8:57  Swarm Host x4  
  112  9:00  Zergling x2  
  127  9:04  Baneling x5  
  127  9:05  Zergling x2  
  126  9:13  Zergling x2  
  126  9:14  Drone  
  109  9:41  Zergling x10  
  109  9:43  Hatchery  
  109  9:44  Drone x2  
  109  9:45  Drone x3  
  114  9:48  Zergling x2  
  114  9:49  Zergling x6  
  114  9:54  Zergling x2  
  115  10:01  Zerg Missile Weapons Level 2  
  115  10:03  Baneling x4  
  115  10:06  Zergling x2  
  117  10:07  Drone, Infestor  
  117  10:08  Infestor  
  121  10:15  Zergling x2  
  121  10:16  Zergling x8  
  126  10:27  Swarm Host x4  
  136  10:31  Zergling x4  
  135  10:49  Swarm Host x4  
  146  11:00  Overlord  
  146  11:06  Overlord, Burrow  
  141  11:27  Swarm Host x4  
  141  11:29  Zergling x2  
  141  11:30  Zergling x16  
  141  11:32  Zergling x2  
  163  11:36  Drone  
  163  11:38  Extractor x2  
  162  11:40  Zergling x2  
  162  11:43  Zergling x2  
  162  11:44  Zergling x4  
  164  11:57  Infestor  
  166  12:08  Zergling x10  
  163  12:10  Overlord x2  
  163  12:11  Overlord  
  163  12:12  Overlord  
  166  12:16  Hive  
  163  12:23  Zergling x2  
  163  12:24  Zergling x14  
  160  12:36  Swarm Host  
  160  12:37  Swarm Host x4  
  160  12:39  Zergling x2  
  160  12:40  Zergling x2  
  160  12:43  Zergling x2  
  178  12:48  Baneling x2  
  178  12:49  Baneling x2, Overseer  
  178  12:50  Zerg Ground Armor Level 1  
  178  12:51  Zergling x6  
  172  13:01  Zergling x6  
  162  13:11  Zergling x2  
  162  13:12  Zergling x16  
  165  13:20  Swarm Host x3  
  165  13:22  Zergling x10  
  179  13:29  Zergling x2  
  179  13:30  Zergling x2  
  181  13:36  Ultralisk Cavern  
  181  13:38  Zergling x10  
  185  13:42  Zergling x2  
  185  13:43  Zergling x2  
  185  13:47  Adrenal Glands  
  187  13:49  Zergling x10  
  175  14:05  Zergling x6  
  175  14:08  Zergling x2  
  175  14:09  Zergling x6  
  172  14:18  Zergling x2  
  172  14:21  Zergling x2  
  160  14:31  Zergling x2  
  160  14:32  Zergling x6  
  160  14:38  Extractor  
  163  14:39  Extractor  
  152  14:55  Drone, Chitinous Plating  
  152  14:57  Ultralisk x2  
  152  14:59  Zergling x2  
  166  15:02  Drone  
  166  15:03  Drone x3  
  170  15:20  Overseer  
  154  15:29  Zergling x6  
  154  15:30  Infestor x2  
  154  15:34  Drone  
  162  15:36  Drone x2  
  162  15:37  Drone  
  165  15:46  Pneumatized Carapace  
  163  16:14  Overseer  
  163  16:17  Hatchery  
  162  16:25  Zerg Melee Weapons Level 3  
  162  16:27  Ultralisk  
  168  16:49  Overseer  
  133  17:01  Hatchery  
  132  17:13  Hydralisk Den  
  123  17:21  Hydralisk x8  
  138  17:29  Baneling  
  134  17:30  Baneling x2  
  134  17:34  Zergling x6  
  133  17:41  Hydralisk  
  134  17:54  Hydralisk  
  117  18:01  Hydralisk  
  107  18:09  Queen x2  
  101  18:18  Hydralisk  
  91  18:23  Hydralisk  
Tags
 
Add a new tag
Caveats
  • Supply blocks, unpowered buildings, or Contaminate may cause inaccurate times.
  • Supply counts are checked every 10 seconds.